 Dungeon Crawl Stone Soup version 0.24.0-1-gfbc8707122 (webtiles) character file.

Game seed: 2265871575537019131, levelgen mode: deterministic

21 Mrkan the Vexing (level 2, 0/28 HPs)
             Began as an Ogre Arcane Marksman on Oct 28, 2019.
             Slain by a bat (1 damage)
             ... on level 1 of the Dungeon.
             The game lasted 00:01:45 (967 turns).

Mrkan the Vexing (Ogre Arcane Marksman)              Turns: 967, Time: 00:01:45

Health: 0/28       AC:  3    Str: 13    XL:     2   Next: 83%
Magic:  4/4        EV: 10    Int: 14    God:
Gold:   26         SH:  0    Dex:  9    Spells: 3/4 levels left

rFire    . . .     SeeInvis .   g - +0 club
rCold    . . .     Gourm    .   (no shield)
rNeg     . . .     Faith    .   a - +0 robe
rPois    .         Spirit   .   (helmet restricted)
rElec    .         Reflect  .   (no cloak)
rCorr    .         Harm     .   (gloves unavailable)
MR       .....                  (boots unavailable)
Stlth    +.........             (no amulet)
HPRegen  0.09/turn              (no ring)
MPRegen  0.09/turn              (no ring)

@: no status effects
A: large, unfitting armour, tough skin 1
a: no special abilities


You were on level 1 of the Dungeon.
You were not hungry.

You visited 1 branch of the dungeon, and saw 1 of its levels.

You collected 26 gold pieces.

Inventory:

Hand Weapons
 g - a +0 club (weapon)
Missiles
 b - 17 poisoned darts (quivered)
 c - 4 large rocks
 d - 2 throwing nets
Armour
 a - a +0 robe (worn)
Scrolls
 e - a scroll of remove curse {unknown}
 h - 2 scrolls of identify {unknown}
 i - a scroll of amnesia {unknown}
 j - a scroll of enchant armour {unknown}
Comestibles
 f - a ration


   Skills:
 + Level 2.0 Fighting
 * Level 2.5 Throwing
 - Level 1.7 Dodging
 + Level 1.7 Spellcasting
 + Level 2.9 Hexes


You had 3 spell levels left.
You knew the following spells:

 Your Spells              Type           Power        Failure   Level  Hunger
a - Corona                Hex            #......      8%          1    ##.....

Your spell library contained the following spells:

 Spells                   Type           Power        Failure   Level  Hunger
 Slow                     Hex            #.......     11%         2    ###....
 Inner Flame              Hex/Fire       #.......     38%         3    ####...
 Portal Projectile        Hex/Tloc       #.....       38%         3    ####...
 Cause Fear               Hex            #.........   58%         4    #####..
 Leda's Liquefaction      Hex/Erth       #.........   80%         4    #####..


Dungeon Overview and Level Annotations

Branches:
Dungeon (1/15)

Altars:


Innate Abilities, Weirdness & Mutations

You are too large for most types of armour.
You have tough skin. (AC +1)


Message History

You throw a poisoned dart.
The poisoned dart barely misses the kobold.
The poisoned dart misses the bat.
The kobold barely misses you.
Throwing (i - inventory. (/) - cycle)
b - 18 poisoned darts (quivered)
Press: ? - help, Shift-Dir - straight line, f - bat, p - kobold
Aim: a bat You throw a poisoned dart.
The poisoned dart hits the kobold.
The kobold is poisoned.
The kobold hits you with a +0 short sword.
* * * LOW HITPOINT WARNING * * *
You closely miss the kobold. The kobold barely misses you.
You miss the kobold.
The kobold is moderately wounded.
The kobold hits you but does no damage.
You hit the kobold.
You kill the kobold!
The bat hits you but does no damage. The bat barely misses you.
You miss the bat. The bat barely misses you.
The bat hits you but does no damage. The bat hits you.
You die...

####..........####r# #(##......
#..........b....(#.# ###r########
#.##.........#.#.#.# #.K.......#.
#.##.........#..!#.# #†#.........
#.##.........##..#.###...........
#.##....[....##..#...K.......#.##
.............##.r+...........#.#
.............###b#...........#.#
........>......#@#...........#.##
#.##########...#...#######+#.....
#.# #...##..# #.....## #.#
#...##..# ###.### #.# #......>#
#.# #.#### #...##### #.# .....#
#...# #.# .....# #...# ..# .....#
#...# ..#


You could see a bat and a rat.

Vanquished Creatures
  2 dart slugs (D:1)
  A leopard gecko (D:1)
  2 bats (D:1)
  3 jackals (D:1)
  3 frilled lizards (D:1)
  4 kobolds (D:1)
15 creatures vanquished.

Notes
Turn   | Place    | Note
-------+----------+-------------------------------------------
     0 | D:1      | Mrkan the Ogre Arcane Marksman began the quest for the Orb.
     0 | D:1      | Reached XP level 1. HP: 19/19 MP: 2/2
   449 | D:1      | Reached XP level 2. HP: 7/28 MP: 4/4
   963 | D:1      | HP: 1/28 [kobold/+0 short sword (3)]
   967 | D:1      | Slain by a bat

Levels and vault maps discovered:
D:1:      dpeg_arrival_line_fractal, layout_basic

Skill      XL: |  1  2 |
---------------+-------+-----
Fighting       | 2 |  2.0
Throwing       | |  2.5
Dodging        | |  1.7
Spellcasting   | |  1.7
Hexes          | |  2.9

Action                   || total
-------------------------++-------
Melee: Club              ||    76
       Unarmed           ||    13
Throw: Dart              ||    11
Armor: Robe              ||    41
Dodge: Dodged            ||    76
